 Dungeon Crawl Stone Soup version 0.18.1-48-g4cf74bf (webtiles) character file.

8527 rockintein the Cleaver (level 11, -4/150 HPs)
             Began as a Minotaur Berserker on July 14, 2016.
             Was a High Priest of Trog.
             Slain by a freezing wraith (12 damage)
             ... led by a death knight
             ... on level 11 of the Dungeon.
             The game lasted 00:18:06 (10489 turns).

rockintein the Cleaver (Minotaur Berserker)        Turns: 10489, Time: 00:18:06

Health: -4/150     AC: 13    Str: 39      XL:     11   Next: 11%
Magic:  10/10      EV: 11    Int:  4      God:    Trog [*****.]
Gold:   535        SH:  0    Dex:  9 (10) Spells: 0 memorised, 10 levels left

rFire  . . .     SeeInvis .     j - +5 broad axe (chop)
rCold  . . .     Gourm    .     n - +1 scale mail {MR+}
rNeg   . . .     Faith    .     (no shield)
rPois  .         Spirit   .     (helmet restricted)
rElec  +         Dismiss  .     i - +2 cloak
rCorr  .         Reflect  .     (no gloves)
SustAt .         Harm     .     (no boots)
MR     +++..                    (no amulet)
Stlth  ..........               h - +5 ring of strength
                                q - +4 ring of strength

@: berserking, regenerating, slowed, extremely resistant to hostile
enchantments, extremely unstealthy
A: retaliatory headbutt, horns 2, deterioration 1, electricity resistance,
evolution 1
a: Berserk, Trog's Hand, Brothers in Arms, Burn Spellbooks, Renounce Religion


You were on level 11 of the Dungeon.
You worshipped Trog.
Trog was extremely pleased with you.
You were hungry.

You visited 1 branch of the dungeon, and saw 11 of its levels.
You also visited: Ossuary.

You collected 535 gold pieces.

Inventory:

Hand Weapons
 j - a +5 broad axe of chopping (weapon)
 x - a +1 flail of venom
Armour
 i - a +2 cloak (worn)
 n - a +1 scale mail of magic resistance (worn)
 v - a +0 large shield
Jewellery
 h - a +5 ring of strength (right hand)
 q - a +4 ring of strength (left hand)
Wands
 s - a wand of slowing (21/48)
Scrolls
 a - 2 scrolls of enchant armour
 d - a scroll of amnesia
 k - a scroll of acquirement {unknown}
 m - 5 scrolls of teleportation
 t - a scroll of recharging
 y - 2 scrolls of holy word
Potions
 b - 2 potions of might
 f - 6 potions of curing
 r - a potion of magic
 u - 3 potions of heal wounds
 w - a potion of invisibility
 z - 3 potions of haste
 A - 5 potions of brilliance
 E - 2 potions of flight
Books
 e - a book of Ice

   Spells                             Type                      Level
   a - Ice Form                       Ice/Transmutation            4
   b - Metabolic Englaciation         Hexes/Ice                    5
   c - Ozocubu's Refrigeration        Ice                          6
   d - Bolt of Cold                   Conjuration/Ice              6
   e - Freezing Cloud                 Conjuration/Ice/Air          6
   f - Simulacrum                     Ice/Necromancy               6
   Trog disapproves of the use of such an item.
 g - a book of Burglary

   Spells                             Type                      Level
   a - Swiftness                      Charms/Air                   2
   b - Passwall                       Transmutation/Earth          2
   c - Passage of Golubria            Translocation                4
   d - Lee's Rapid Deconstruction     Earth                        5
   e - Darkness                       Hexes                        6
   f - Invisibility                   Hexes                        6
   Trog disapproves of the use of such an item.
 H - a book of Unlife

   Spells                             Type                      Level
   a - Recall                         Summoning/Translocation      3
   b - Animate Dead                   Necromancy                   4
   c - Control Undead                 Necromancy                   4
   d - Cigotuvi's Embrace             Necromancy                   5
   e - Death Channel                  Necromancy                   6
   f - Simulacrum                     Ice/Necromancy               6
   Trog disapproves of the use of such an item.
Comestibles
 c - 7 bread rations
 l - 3 slices of pizza
 o - a beef jerky
 p - 6 meat rations
 B - a chunk of flesh
 C - a royal jelly


   Skills:
 + Level 10.3 Fighting
 * Level 13.6 Axes
 + Level 9.8 Armour
 - Level 2.1 Dodging
 + Level 7.5 Shields


You had 10 spell levels left.
You didn't know any spells.

Dungeon Overview and Level Annotations

Branches:
Dungeon (11/15)            Temple (0/1) D:4            Lair (0/8) D:8
    Orc: D:9-12

Altars:
Cheibriados
Dithmenos
Makhleb
Nemelex Xobeh
Okawaru
Pakellas
Xom

Shops:
D:4 ?   D:5 }   D:10 }


Innate Abilities, Weirdness & Mutations

You reflexively headbutt those who attack you in melee.
You have a pair of horns on your head.
Your body sometimes deteriorates upon taking damage.
You are resistant to electric shocks.
You evolve.


Message History

* * * LOW HITPOINT WARNING * * *
The freezing wraith hits you!
* * * LOW HITPOINT WARNING * * *
The freezing wraith drains your vigour!
You feel as though you will be slow longer.
You open the death knight like a pillowcase!!!
You headbutt the death knight!!
The death knight is almost dead.
Your scale mail prevents you from hitting the freezing wraith.
The freezing wraith is severely damaged.
The freezing wraith hits you but does no damage. x2
You slash the death knight!
You kill the death knight!
Trog accepts your kill.
You closely miss the freezing wraith.
The freezing wraith is severely damaged.
The freezing wraith hits you.
* * * LOW HITPOINT WARNING * * *
The freezing wraith freezes you!
You die...

.......#
#......#
#......#
#......#
#......#
##......#
#.....).#
#.....W@#
#.......#
#.......#
#.....<.#
#.......#
#.........
#...#####...
#... .....
#... ....


You could see a freezing wraith.

Vanquished Creatures
  A death knight (D:11)
  Urug (D:10)
  An unseen horror (D:10)
  The ghost of daning the Carver, a novice HESk of Okawaru (D:7)
  A hill giant (D:9)
  Psyche (D:9)
  A gargoyle (D:10)
  A freezing wraith (D:11)
  A spriggan (D:7)
  A wraith (D:11)
  A hippogriff (D:9)
  Edmund (D:6)
  A hungry ghost (D:9)
  A wasp (D:9)
  2 orc warriors
  2 ice beasts (D:7)
  2 black bears
  An ogre (D:8)
  2 phantoms
  5 centaurs
  A crocodile (D:10)
  A gnoll sergeant (D:9)
  8 giant frogs
  A scorpion (D:8)
  3 killer bees (D:8)
  A howler monkey (D:7)
  5 wights (D:9)
  A vampire bat (D:5)
  A giant frog zombie (D:5)
  4 crimson imps
  2 quasits
  4 jellies
  4 centaur zombies (Ossuary)
  3 hounds
  8 orc priests
  A giant frog skeleton (D:9)
  3 iguanas
  11 orc wizards
  6 worker ants
  A killer bee zombie (D:9)
  2 big kobold zombies (Ossuary)
  4 mummies (Ossuary)
  A howler monkey skeleton (D:10)
  8 gnolls
  13 adders
  An ooze (D:1)
  An adder skeleton (D:5)
  An adder zombie (D:9)
  3 worms
  3 dart slugs
  3 fire bats (D:5)
  5 giant geckos
  49 orcs
  2 spectral bats (D:5)
  3 bat skeletons (D:5)
  A bat zombie (D:5)
  3 giant cockroaches
  11 goblins
  4 hobgoblins
  11 jackals
  A ball python (D:3)
  15 bats
  A bat simulacrum (D:5)
  6 giant newts
  4 hobgoblin zombies (Ossuary)
  7 kobolds
  2 quokka skeletons
  A quokka zombie (D:8)
  7 rats
270 creatures vanquished.

Vanquished Creatures (others)
  A troll (D:4)
1 creature vanquished.

Grand Total: 271 creatures vanquished

Notes
Turn   | Place    | Note
--------------------------------------------------------------
     0 | D:1      | rockintein the Minotaur Berserker began the quest for the Orb.
     0 | D:1      | Reached XP level 1. HP: 19/19 MP: 0/0
    73 | D:1      | Reached skill level 4 in Axes
    81 | D:1      | Reached XP level 2. HP: 17/27 MP: 1/1
   752 | D:1      | Reached XP level 3. HP: 33/33 MP: 2/2
   958 | D:1      | Gained mutation: You are resistant to electric shocks. [potion of mutation]
   958 | D:1      | Gained mutation: Your body sometimes deteriorates upon taking damage. [potion of mutation]
  1067 | D:2      | You fall through a shaft for 2 floors!
  1103 | D:4      | Found a staircase to the Ecumenical Temple.
  1345 | D:3      | Reached ** piety under Trog
  1696 | D:2      | Found a sparkling altar of Nemelex Xobeh.
  1699 | D:2      | Reached XP level 4. HP: 37/40 MP: 3/3
  1818 | D:2      | Reached skill level 5 in Axes
  1990 | D:2      | Found a shadowy altar of Dithmenos.
  2485 | D:3      | Reached XP level 5. HP: 47/47 MP: 4/4
  3600 | D:4      | Reached *** piety under Trog
  3600 | D:4      | Reached skill level 5 in Fighting
  3621 | D:4      | Found Jukhlurea's Magic Scroll Shop.
  3774 | D:4      | Found an oddly glowing altar of Pakellas.
  3774 | D:4      | Noticed an orange crystal statue
  3775 | D:4      | Noticed a troll
  3791 | D:4      | Killed a troll
  3865 | D:5      | Entered Level 5 of the Dungeon
  3909 | D:5      | Noticed a centaur
  3918 | D:5      | Killed a centaur
  3918 | D:5      | Reached skill level 6 in Axes
  3996 | D:5      | Reached XP level 6. HP: 50/56 MP: 5/5
  4004 | D:5      | Found a sand-covered staircase.
  4068 | Ossuary  | Entered an ossuary
  4399 | Ossuary  | Reached skill level 7 in Axes
  4566 | D:5      | Reached XP level 7. HP: 62/62 MP: 6/6
  4628 | D:5      | Reached skill level 5 in Armour
  4859 | D:5      | Found Xiepasun's Gadget Shoppe.
  5044 | D:5      | Reached skill level 8 in Axes
  5479 | D:6      | Reached XP level 8. HP: 71/71 MP: 7/7
  5566 | D:6      | Found a shimmering altar of Xom.
  5566 | D:6      | Found a shimmering altar of Xom.
  5566 | D:6      | Found a shimmering altar of Xom.
  5595 | D:6      | Found a shimmering altar of Xom.
  5728 | D:6      | Reached skill level 9 in Axes
  6021 | D:6      | Reached skill level 1 in Shields
  6064 | D:6      | Noticed Edmund
  6070 | D:6      | Killed Edmund
  6214 | D:6      | Found an iron altar of Okawaru.
  6547 | D:7      | Reached skill level 10 in Axes
  6649 | D:7      | Noticed daning's ghost (novice HESk)
  6668 | D:7      | Killed daning's ghost
  6668 | D:7      | Reached XP level 9. HP: 78/81 MP: 8/8
  6837 | D:7      | Reached **** piety under Trog
  7122 | D:7      | Reached skill level 11 in Axes
  7469 | D:8      | Found a staircase to the Lair.
  7814 | D:8      | Reached skill level 5 in Shields
  7885 | D:8      | Reached ***** piety under Trog
  8121 | D:8      | Found a snail-covered altar of Cheibriados.
  8405 | D:9      | Noticed a hill giant
  8415 | D:9      | Killed a hill giant
  8415 | D:9      | Reached XP level 10. HP: 12/91 MP: 9/9
  8651 | D:9      | Reached skill level 12 in Axes
  8718 | D:9      | Noticed Psyche
  8730 | D:9      | Killed Psyche
  8926 | D:9      | Found a burning altar of Makhleb.
  9006 | D:10     | Entered Level 10 of the Dungeon
  9006 | D:10     | Noticed a gargoyle
  9011 | D:10     | Killed a gargoyle
  9462 | D:9      | Gained mutation: You evolve. [potion of beneficial mutation]
  9836 | D:10     | Killed an unseen horror
  9836 | D:10     | Received a gift from Trog
  9836 | D:10     | Reached skill level 10 in Fighting
  9836 | D:10     | Reached skill level 13 in Axes
  9909 | D:10     | Noticed Urug
  9918 | D:10     | Killed Urug
 10217 | D:10     | Found Plog's Gadget Shop.
 10476 | D:11     | Noticed a death knight
 10482 | D:11     | Reached XP level 11. HP: 73/100 MP: 10/10
 10489 | D:11     | Killed a death knight
 10489 | D:11     | Slain by a freezing wraith

Skill      XL: |  1  2  3  4  5  6  7  8  9 10 |
---------------+-------------------------------+-----
Axes           | 4 5 6 7 8 10 11 13 | 13.6
Fighting       | 4 5 6 7 9 10 | 10.3
Armour         | 3 4 5 7 8 9 |  9.8
Shields        | 3 5 7 |  7.5
Dodging        | |  2.1

Action                   |  1- 3 |  4- 6 |  7- 9 | 10-12 || total
-------------------------+-------+-------+-------+-------++-------
Melee: Hand axe          |    79 |       |       |    24 ||   103
       Headbutt          |    13 |    27 |    40 |    29 ||   109
       War axe           |    10 |   126 |   270 |    67 ||   473
       Broad axe         |       |       |       |    28 ||    28
Invok: Trog's Hand       |       |     2 |     6 |     4 ||    12
       Berserk           |       |     2 |     4 |     3 ||     9
  Use: Scroll            |     2 |     9 |     5 |     8 ||    24
       Potion            |     2 |     7 |     1 |     1 ||    11
 Stab: Sleeping          |     1 |     1 |       |       ||     2
  Eat: Chunk             |     2 |    11 |    18 |    11 ||    42
Armor: Animal skin       |    14 |    10 |       |       ||    24
       Scale mail        |       |    48 |   192 |    76 ||   316
Dodge: Dodged            |    59 |    70 |   172 |    60 ||   361
